 Dungeon Crawl Stone Soup version 0.28-a0-194-g42b4daccc1 (webtiles) character file.

Game seed: 7127908041329717078

588 hatdisgam the Chiller (level 7, -17/48 (55) HPs)
             Began as a Naga Ice Elementalist on Aug 19, 2021.
             Demolished by an ogre (23 damage)
             ... on level 4 of the Dungeon.
             The game lasted 00:12:02 (6762 turns).

hatdisgam the Chiller (Naga Ice Elementalist)       Turns: 6762, Time: 00:12:03

HP:   -17/48 (55)   AC:  5    Str: 10    XL:     7   Next: 38%
MP:   11/11         EV: 10    Int: 17    God:
Gold: 161           SH:  0    Dex: 12    Spells: 4/12 levels left

rFire   . . .      SeeInvis +   m - +0 falchion
rCold   . . .      Faith    .   (no shield)
rNeg    . . .      Spirit   .   a - +0 robe
rPois   +          Reflect  .   (no helmet)
rElec   .          Harm     .   o - +0 cloak
rCorr   .          Rampage  .   i - +0 pair of gloves
Will    .....                   (no barding)
Stlth   ++........              (no amulet)
HPRegen 0.16/turn               (no ring)
MPRegen 0.12/turn               (no ring)

@: freezing walls, very slightly contaminated, heavily drained, very slow
A: AC +2, large, see invisible, deformed body, poison resistance, slowness 2,
spit poison 1, naga tail 1
a: Spit Poison


You were on level 4 of the Dungeon.
You visited 1 branch of the dungeon, and saw 4 of its levels.

You collected 161 gold pieces.

Inventory:

Hand Weapons
 c - a +0 short sword
 d - a +0 dagger
 f - a +0 spear
 m - a +0 falchion (weapon)
Armour
 a - a +0 robe (worn)
 h - a +0 kite shield
 i - a +0 pair of gloves (worn)
 o - a +0 cloak (worn)
Scrolls
 b - 3 scrolls of identify {unknown}
 j - a scroll of immolation {unknown}
 k - 2 scrolls of teleportation {unknown}
 l - a scroll of enchant armour {unknown}
Potions
 e - a potion of magic
 g - a potion of berserk rage {unknown}
 n - 2 potions of haste {unknown}


   Skills:
 + Level 2.9 Dodging
 - Level 3.0 Stealth
 - Level 3.0 Spellcasting
 * Level 4.2 Conjurations
 + Level 6.3 Ice Magic


You had 4 spell levels left.
You knew the following spells:

 Your Spells              Type           Power      Damage    Failure   Level
a - Freeze                Ice            92%        1d10      1%          1
b - Frozen Ramparts       Ice            46%        1d6       4%          3
c - Hailstorm             Conj/Ice       20%        3d6       21%         4

Your spell library contained the following spells:

 Spells                   Type           Power      Damage    Failure   Level
 Ozocubu's Armour         Ice            23%        N/A       4%          3
 Sting                    Tmut/Pois      8%         1d3       17%         1
 Poisonous Vapours        Pois/Air       4%         N/A       26%         2
 Olgreb's Toxic Radiance  Pois           2%         N/A       86%         4


Dungeon Overview and Level Annotations

Branches:
Dungeon (4/15)
 Temple: D:4-7

Altars:
Elyvilon
The Shining One

Shops:
D:1 [   D:3 (::*


Innate Abilities, Weirdness & Mutations

Your serpentine skin is tough. (AC +2)
You have supernaturally acute eyesight. (SInv)
Armour fits poorly on your strangely shaped body.
Your system is resistant to poisons. (rPois)
You cover ground very slowly.
You can spit poison.
You have a snake-like lower body.


Message History

Casting: Frozen Ramparts (dangerous; 4% risk of failure)
Confirm with . or Enter, or press ? or * to list all spells.
Casting: Frozen Ramparts (dangerous; 4% risk of failure)
Press: ? - help, Dir - look around, f - activate The walls around you are covered in ice.
The wall freezes the centaur.
The centaur hits you.
The centaur kicks you but does no damage.
The wall freezes the ogre.
The wall freezes the centaur.
The centaur completely misses you.
The centaur kicks you but does no damage.
You hit the centaur.
The centaur is heavily wounded.
The wall freezes the centaur.
The centaur hits you but does no damage.
The centaur completely misses you.
The wall freezes the ogre.
The wall freezes the quokka.
The wall freezes the centaur.
The centaur hits you but does no damage.
The centaur kicks you but does no damage.
Casting: Frozen Ramparts (dangerous; 4% risk of failure)
Confirm with . or Enter, or press ? or * to list all spells.
Aiming: Freeze (safe; 1% risk of failure)
Press: ? - help, Shift-Dir - straight line, f - ogre
Aim: an ogre, wielding a +0 giant club (moderately wounded)
You freeze the ogre!
The ogre is heavily wounded.
The ogre hits you with a +0 giant club!!
Ouch! That really hurt!
* * * LOW HITPOINT WARNING * * *
The wall freezes the centaur.
The centaur hits you but does no damage.
The centaur barely misses you.
The wall freezes the quokka.
You kill the quokka!
Unknown command.
Unknown command.
It was a potion of magic.
Magic courses through your body.
The wall freezes the centaur.
The centaur barely misses you.
You riposte.
You hit the centaur.
You kill the centaur!
The ogre hits you with a +0 giant club!!
You die...

##....#).....)#........
#.....#.......#........
#....##).....(#[.......
#....###.....##########
#..### ##...## #...
#.########'#### #...
#.............# #...
#....O.)......# #...
#....)@.....))# ####
####'########.# #..)
###..# # #..... #....#
# #.......##....# #
#.....g.#...[.# #
#......c#....##########
##....r##....##........
#†.####.#######


You could see an ogre.

Vanquished Creatures
  Eustachio (D:4)
  A hornet zombie (D:4)
  A necrophage (D:4)
  A centaur (D:4)
  A gnoll sergeant (D:3)
  An orc priest (D:3)
  An iguana (D:4)
  A hound skeleton (D:4)
  An adder (D:2)
  3 gnolls
  3 adder skeletons (D:4)
  2 worms
  3 dart slugs
  12 orcs
  4 ball pythons
  5 bats
  3 endoplasms
  4 giant cockroaches
  9 goblins
  3 hobgoblins
  9 jackals
  4 kobolds
  4 quokkas
  A frilled lizard (D:1)
  A jackal skeleton (D:4)
  6 rats
85 creatures vanquished.

Notes
Turn   | Place    | Note
-------+----------+-------------------------------------------
     0 | D:1      | hatdisgam the Naga Ice Elementalist began the quest for the
                  | Orb.
     0 | D:1      | Reached XP level 1. HP: 15/15 MP: 3/3
    25 | D:1      | Found Esyuhef's Armour Emporium.
   255 | D:1      | Reached XP level 2. HP: 20/22 MP: 1/5
   618 | D:1      | Reached XP level 3. HP: 28/28 MP: 6/6
   622 | D:1      | Learned a level 3 spell: Frozen Ramparts
  1345 | D:2      | Found a white marble altar of Elyvilon.
  1562 | D:2      | Reached skill level 5 in Ice Magic
  1562 | D:2      | Reached XP level 4. HP: 36/36 MP: 2/8
  2082 | D:3      | Found Ycrack's Weapon Boutique.
  2193 | D:3      | Found a faded altar of an unknown god.
  2338 | D:3      | Found Baanirr's Book Emporium.
  2415 | D:3      | Learned a level 4 spell: Hailstorm
  2767 | D:3      | Reached XP level 5. HP: 42/42 MP: 9/9
  2780 | D:3      | Found Rihoxtin's Assorted Antiques.
  3172 | D:3      | Found Ocryec's Book Boutique.
  3261 | D:4      | Noticed Eustachio
  3280 | D:4      | Killed Eustachio
  3281 | D:4      | Reached XP level 6. HP: 7/49 MP: 1/10
  3990 | D:4      | Found a glowing golden altar of the Shining One.
  5240 | D:4      | HP: 2/49 [hornet zombie (10)]
  5864 | D:4      | Reached skill level 6 in Ice Magic
  5864 | D:4      | Reached XP level 7. HP: 55/55 MP: 11/11
  6762 | D:4      | Demolished by an ogre

Illustrated notes

Levels and vault maps discovered:
D:1:      nicolae_arrival_somewhat_less_tricky_arrival, layout_basic,
          serial_shops, nicolae_shop_crystal, minivault_4, minmay_octomino_c4
D:2:      layout_basic, basic_altar, kennysheep_crisscross,
          hangedman_glass_teeth
D:3:      wander_river, layout_loops_corners, serial_shops,
          nicolae_shop_behind_doors, shop, nicolae_lakefront_shop,
          shop_fountains, hellmonk_ecumenical_altar_crossroads,
          minmay_misc_feat_ornament
D:4:      minmay_opposing_rooms, layout_basic, mainiacjoe_overflow_alcove_1,
          uniq_eustachio

Skill      XL: |  1  2  3  4  5  6  7 |
---------------+----------------------+-----
Ice Magic      | 5 6 |  6.3
Spellcasting   | 3 |  3.0
Dodging        | 2 |  2.9
Conjurations   | 2 3 4 |  4.2
Stealth        | |  3.0

Action                   |  1- 3 |  4- 6 |  7- 9 || total
-------------------------+-------+-------+-------++-------
Melee: Unarmed           |     4 |       |       ||     4
       Spear             |    25 |     4 |       ||    29
       Falchion          |       |    65 |    67 ||   132
 Cast: Freeze            |    22 |    19 |     4 ||    45
       Frozen Ramparts   |     1 |     6 |     3 ||    10
 Abil: Spit Poison       |    28 |     6 |     3 ||    37
  Use: Potion            |       |       |     1 ||     1
 Stab: Sleeping          |       |     2 |       ||     2
Armor: Robe              |    22 |    20 |    33 ||    75
Dodge: Dodged            |    21 |    88 |    57 ||   166
       Rpst.: Falchion   |       |    14 |    11 ||    25

Table legend: (Time is in decaauts)
 A = Elapsed time spent in this place.
 B = Non-inter-level travel time spent in this place.
 C = Inter-level travel time spent in this place.
 D = Time resting spent in this place.
 E = Time spent auto-exploring this place.
 F = Levels seen in this place.
 G = Mean time per level.
                   A        B        C        D        E       F      G
               +--------+--------+--------+--------+--------+-----+--------+
         Total |   7898 |   7689 |    209 |   3482 |   3357 |   4 | 1974.5 |
       Dungeon |   7898 |   7689 |    209 |   3482 |   3357 |   4 | 1974.5 |
               +--------+--------+--------+--------+--------+-----+--------+

Top non-repeatable levels by time:
     D:3: 3929 daAuts
     D:4: 1417 daAuts
     D:1: 1367 daAuts
     D:2: 1183 daAuts
